 Dungeon Crawl Stone Soup version 0.28.0-45-g0d030f2227 (webtiles) character file.

Game seed: 11889059436295884916

220 MisterFreud the Changer (level 5, -1/40 HPs)
             Began as a Draconian Transmuter on Apr 12, 2022.
             Slain by Duvessa
             ... wielding a +2 rapier of venom
              (11 damage)
             ... on level 4 of the Dungeon.
             The game lasted 00:05:03 (2929 turns).

MisterFreud the Changer (Draconian Transmuter)      Turns: 2929, Time: 00:05:04

Health: -1/40      AC:  5    Str: 12    XL:     5   Next: 64%
Magic:  9/9        EV: 13    Int: 16    God:
Gold:   132        SH:  0    Dex: 11    Spells: 4/10 levels left

rFire   . . .      SeeInvis .     - Unarmed
rCold   . . .      Faith    .   (no shield)
rNeg    . . .      Spirit   .   (armour unavailable)
rPois   .          Reflect  .   (helmet restricted)
rElec   .          Harm     .   (no cloak)
rCorr   .          Rampage  .   (no gloves)
Will    .....                   (no boots)
Stlth   ++........              e - amulet of Laklazeu {Regen+ Stlth+}
HPRegen 0.93/turn               d - +4 ring of evasion
MPRegen 0.11/turn               (no ring)

@: slowed, constricted, very slow
A: AC +5, unfitting armour, cold-blooded
a: no special abilities


You were on level 4 of the Dungeon.
You visited 1 branch of the dungeon, and saw 4 of its levels.

You collected 132 gold pieces.

Inventory:

Jewellery
 d - a +4 ring of evasion (left hand)
 e - the amulet of Laklazeu (around neck) {Regen+ Stlth+}
   (You acquired it on level 3 of the Dungeon)

   [amulet of regeneration]

   Regen:     It increases your rate of health regeneration.
   Stlth:     It makes you more stealthy.
 h - an amulet of reflection
Scrolls
 c - a scroll of fog
Potions
 a - 2 potions of curing
 b - a potion of lignification {unknown}
 f - 3 potions of berserk rage {unknown}
 i - a potion of degeneration {unknown}
 j - a potion of mutation {unknown}


   Skills:
 - Level 1.1 Fighting
 - Level 1.7 Dodging
 + Level 3.7 Unarmed Combat
 - Level 3.0 Spellcasting
 - Level 5.0 Transmutations


You had 4 spell levels left.
You knew the following spells:

 Your Spells              Type           Power      Damage    Failure   Level
a - Beastly Appendage     Tmut           36%        N/A       2%          1
b - Wereblood             Tmut           18%        N/A       3%          2
c - Spider Form           Tmut/Pois      10%        N/A       21%         3

Your spell library contained the following spells:

 Spells                   Type           Power      Damage    Failure   Level
 Sting                    Tmut/Pois      40%        1d5       7%          1
 Blink                    Tloc           4%         N/A       28%         2
 Poisonous Vapours        Pois/Air       4%         N/A       28%         2
 Ice Form                 Ice/Tmut       10%        N/A       54%         4
 Olgreb's Toxic Radiance  Pois           2%         N/A       88%         4
 Manifold Assault         Tloc           2%         N/A       99%         5
 Storm Form               Tmut/Air       5%         N/A       100%        7


Dungeon Overview and Level Annotations

Branches:
Dungeon (4/15)
 Temple: D:4-7

Altars:
Elyvilon
Hepliaklqana
Kikubaaqudgha

Shops:
D:3 (

Annotations:
D:4 Duvessa


Innate Abilities, Weirdness & Mutations

Your plain brown scales are hard. (AC +5)
You cannot fit into any form of body armour.
You are cold-blooded and may be slowed by cold attacks.


Message History

The ball python misses you.
You are no longer glowing.
The endoplasm jiggles.
You see here a hobgoblin corpse.
The ball python closely misses you. x2; Duvessa hits you but does no damage.
There is a stone staircase leading up here.
You feel yourself speed up. The ball python misses you.
The ball python closely misses you. Duvessa closely misses you.
The endoplasm closely misses you. The ball python misses you.
The ball python grabs you.
You stop ascending the stairs.
The ball python constricts you.
Duvessa hits you with a +2 rapier of venom!
You are poisoned.
The endoplasm freezes you.
You are frozen.
You feel yourself slow down.
Unknown command.
Unknown command.
Unknown command.
Unknown command.
Unknown command.
Unknown command.
Unknown command.
Okay, then.
Unknown command.
You feel better.
Duvessa hits you with a +2 rapier of venom!
The ball python closely misses you. The ball python constricts you.
Duvessa hits you with a +2 rapier of venom!
* * * LOW HITPOINT WARNING * * *
You are lethally poisoned!
The endoplasm hits you.
* * * LOW HITPOINT WARNING * * *
The ball python bites you but does no damage.
The ball python constricts you.
* * * LOW HITPOINT WARNING * * *
Unknown command.
Unknown command.
You feel better.
Duvessa hits you with a +2 rapier of venom!
You die...

#.<# ##.# ......# #.#
....[# #.#. .....####
#...# .........
.....###........
#.###...........#
.......eJ....# ##.#
.!. #.@Sg†.# ...
.........##..h....(g##
######....#
...####...# .. #.##..
........... . ... ###
.#.##...#.# . ..#
#.#.#...##.# . ..#
#.....<..#.# # .#
#..#.###.#.#### #
#..hS..#


You could see Duvessa (berserk), an endoplasm, a jackal (wandering), a goblin
and a ball python.

Vanquished Creatures
  A bullfrog (D:3)
  Dowan (D:4)
  Terence (D:2)
  An adder (D:2)
  A worm (D:3)
  An orc (D:3)
  3 bat zombies (D:3)
  6 endoplasms
  3 giant cockroaches
  9 goblins
  5 hobgoblins
  5 jackals (D:3)
  4 quokkas
  5 ball pythons
  4 bats
  2 frilled lizards (D:3)
  4 kobolds
  4 rats
  2 rat zombies (D:3)
62 creatures vanquished.

Notes
Turn   | Place    | Note
-------+----------+-------------------------------------------
     0 | D:1      | MisterFreud the Draconian Transmuter began the quest for
                  | the Orb.
     0 | D:1      | Reached XP level 1. HP: 16/16 MP: 3/3
   405 | D:1      | Found a faded altar of an unknown god.
   585 | D:1      | Reached XP level 2. HP: 18/23 MP: 5/5
   608 | D:1      | Learned a level 2 spell: Wereblood
   710 | D:1      | Reached skill level 3 in Transmutations
  1087 | D:2      | Reached XP level 3. HP: 28/28 MP: 6/6
  1408 | D:2      | Noticed Terence
  1625 | D:2      | Learned a level 3 spell: Spider Form
  1628 | D:2      | Found a hazy altar of Hepliaklqana.
  1736 | D:2      | Killed Terence
  1737 | D:2      | Reached skill level 4 in Transmutations
  1834 | D:2      | Reached XP level 4. HP: 35/35 MP: 7/7
  2011 | D:3      | Found a white marble altar of Elyvilon.
  2430 | D:3      | Found Hickisoo's Antique Weapon Shoppe.
  2629 | D:3      | Found an ancient bone altar of Kikubaaqudgha.
  2746 | D:3      | Identified a scroll of acquirement
  2746 | D:3      | Acquired the amulet of Laklazeu {Regen+ Stlth+}
  2791 | D:4      | Noticed Duvessa
  2792 | D:4      | Noticed a bullfrog
  2792 | D:4      | Noticed Dowan
  2826 | D:3      | Killed a bullfrog
  2827 | D:3      | Reached skill level 5 in Transmutations
  2827 | D:3      | Reached XP level 5. HP: 25/40 MP: 2/9
  2912 | D:4      | Killed Dowan
  2928 | D:4      | HP: 2/40 [constriction (1)]
  2929 | D:4      | Slain by Duvessa

Illustrated notes

Levels and vault maps discovered:
D:1:      amcnicky_arrival_gap_in_the_tavern_cellar, layout_basic,
          ebering_ecumenical_altar_sacrificial
D:2:      layout_loops_ring, basic_altar, minmay_quadrilaterals, uniq_terence
D:3:      layout_rooms, lemuel_zombie_altar_kikubaaqudgha,
          mainiacjoe_overflow_concentric_impassable, serial_shops,
          nicolae_lakefront_shop, dk_vineyard_1, dk_noncrumbling_2
D:4:      layout_rooms, uniq_natasha, uniq_grinder, uniq_duvessa

Skill      XL: |  1  2  3  4  5 |
---------------+----------------+-----
Transmutations | 3 4 5 |  5.0
Spellcasting   | 3 |  3.0
Fighting       | |  1.1
Dodging        | |  1.7
Unarmed Combat | |  3.7

Action                   |  1- 3 |  4- 6 || total
-------------------------+-------+-------++-------
Melee: Unarmed           |    81 |   114 ||   195
       Kick              |    13 |     9 ||    22
       Headbutt          |     2 |     3 ||     5
       Punch             |     2 |     3 ||     5
       Tailslap          |    10 |    10 ||    20
 Cast: Beastly Appendage |    13 |     6 ||    19
       Spider Form       |     1 |     2 ||     3
  Use: Scroll            |     4 |     2 ||     6
       Potion            |       |     2 ||     2
 Stab: Sleeping          |     3 |       ||     3
Armor: Skin              |    23 |    44 ||    67
Dodge: Dodged            |    70 |   106 ||   176
Block: Other             |       |     6 ||     6
